Map: Ice and Chrome LE

Players

GunGFuBanDa - Winner!

  • Race: Protoss Protoss
  • League: Master
  • Spawn Location: 1:00

Denver

  • Race: Zerg Zerg
  • League: Master
  • Spawn Location: 7:00

Event: DreamHack SC2 Masters 2020 Summer Europe

VOD

Have the link to the VOD?

Description

Time

  • Played on: July 4, 2020, 10:57 a.m.
  • Length: 12:16

All games in this series

Show
View Real Time Build Order
Export as new Build Order

GunGFuBanDa Protoss - Winner!

Build Orders: 1 Gate Expand, Mass Adepts 

Get SALT Encoding   

  12  0:00  Probe  
  13  0:12  Probe  
  14  0:21  Pylon  
  14  0:24  Probe  
  15  0:35  Probe  
  15  0:41  Gateway  
  16  0:44  Probe  
  17  0:50  Assimilator  
  17  0:54  Probe  
  18  1:06  Probe  
  19  1:18  Probe  
  20  1:26  Nexus  
  20  1:35  Cybernetics Core  
  20  1:38  Probe  
  21  1:46  Assimilator  
  21  1:50  Probe  
  21  1:52  Pylon  
  22  2:01  Adept  
  22  2:02  Probe  
  23  2:10  Probe  
  26  2:18  Probe  
  26  2:20  Twilight Council  
  27  2:22  Warp Gate  
  27  2:29  Probe  
  27  2:33  Stalker  
  27  2:34  Probe  
  30  2:41  Probe  
  30  2:43  Probe  
  33  2:52  Robotics Facility  
  33  2:53  Probe  
  33  2:54  Probe  
  35  2:58  Resonating Glaives  
  35  3:05  Probe  
  36  3:14  Gateway  
  36  3:19  Gateway  
  36  3:23  Gateway  
  36  3:27  Adept  
  36  3:29  Warp Prism  
  38  3:37  Probe  
  41  3:42  Probe, Pylon  
  42  3:49  Probe  
  42  3:53  Pylon  
  42  3:55  Probe  
  44  4:01  Probe  
  45  4:08  Pylon  
  45  4:11  Adept x2  
  45  4:13  Probe  
  45  4:14  Probe  
  45  4:17  Observer  
  52  4:21  Assimilator  
  52  4:25  Probe  
  52  4:28  Probe  
  52  4:30  Adept x2  
  58  4:31  Adept x2  
  58  4:37  Probe, Pylon  
  63  4:40  Probe  
  64  4:55  Probe  
  64  4:56  Probe  
  64  4:58  Adept x4  
  74  5:01  Pylon  
  74  5:06  Nexus  
  74  5:19  Probe  
  75  5:21  Pylon  
  75  5:26  Probe  
  75  5:27  Adept x2  
  75  5:28  Adept, Sentry  
  84  5:29  Immortal  
  84  5:30  Assimilator  
  84  5:31  Probe  
  85  5:40  Blink  
  89  5:49  Pylon  
  88  5:51  Pylon  
  88  6:01  Immortal  
  86  6:06  Probe  
  85  6:22  Probe x2  
  85  6:27  Nexus  
  85  6:30  Pylon  
  85  6:32  Stalker x2  
  89  6:34  Probe x2  
  89  6:39  Immortal  
  91  6:46  Probe x2  
  87  6:48  Nexus  
  87  6:50  Observer  
  87  6:51  Sentry x2  
  95  6:54  Shield Battery  
  95  6:56  Pylon  
  95  6:58  Probe x2  
  95  7:01  Forge  
  97  7:05  Observer  
  97  7:06  Gateway x2  
  97  7:09  Phoenix  
  97  7:10  Warp Prism, Probe x2  
  99  7:16  Protoss Ground Weapons Level 1  
  99  7:17  Sentry x2, Stalker  
  99  7:19  Stalker  
  99  7:22  Probe  
  110  7:23  Probe  
  111  7:31  Gateway  
  111  7:33  Gateway  
  111  7:42  Immortal  
  111  7:43  Probe x2  
  113  7:50  Pylon  
  113  7:51  Observer  
  117  8:03  Probe  
  117  8:05  Assimilator  
  118  8:06  Sentry, Stalker x3  
  118  8:07  Stalker  
  128  8:15  Charge  
  128  8:16  Probe x2  
  128  8:17  Probe  
  131  8:20  Assimilator  
  131  8:22  Photon Cannon  
  127  8:34  Probe  
  128  8:35  Stalker x6  
  140  8:47  Probe  
  141  8:49  Pylon  
  141  8:51  Pylon  
  141  8:53  Pylon  
  131  9:04  Immortal  
  131  9:07  Protoss Ground Weapons Level 2  
  135  9:12  Pylon  
  135  9:14  Sentry x2  
  135  9:15  Sentry  
  141  9:28  Stalker x5  
  151  9:39  Probe  
  152  9:53  Nexus  
  152  9:55  Pylon  
  151  10:06  Stalker x7  
  155  10:07  Zealot  
  157  10:15  Photon Cannon  
  155  10:22  Nexus  
  155  10:23  Pylon  
  151  10:43  Immortal  
  151  10:45  Shield Battery  
  151  10:46  Probe  
  151  10:47  Pylon  
  151  10:48  Photon Cannon, Templar Archives  
  152  10:50  Adept x6  
  164  11:02  Probe x2  
  162  11:08  Probe  
  157  11:11  Zealot x8  
  171  11:19  Dark Shrine  
  169  11:26  Immortal  
  169  11:32  High Templar x2  
  175  11:33  Zealot x4  
  183  11:40  Archon  
  163  11:59  Zealot x4  
  163  12:00  Probe x2  
Show
View Real Time Build Order
Export as new Build Order

Denver Zerg 

Build Orders: Hatch First 

Get SALT Encoding   

  12  0:00  Drone  
  13  0:12  Overlord  
  13  0:16  Drone  
  14  0:30  Drone x2  
  16  0:47  Hatchery  
  15  0:51  Drone  
  15  0:55  Drone  
  17  0:58  Drone  
  18  1:08  Extractor  
  17  1:14  Spawning Pool  
  17  1:18  Drone  
  17  1:22  Drone  
  18  1:29  Drone  
  19  1:39  Drone  
  20  1:49  Drone  
  21  2:01  Queen x2  
  21  2:02  Zergling x4  
  27  2:10  Overlord, Metabolic Boost  
  27  2:16  Drone  
  28  2:31  Drone x2  
  28  2:36  Hatchery  
  29  2:39  Drone  
  29  2:40  Drone  
  31  2:45  Overlord  
  31  2:48  Drone  
  32  2:53  Drone  
  32  2:58  Queen  
  35  3:00  Drone  
  35  3:04  Drone  
  37  3:07  Overlord  
  37  3:09  Drone  
  38  3:16  Drone x3  
  41  3:21  Overlord  
  41  3:25  Queen  
  43  3:32  Spore Crawler  
  43  3:33  Drone, Spore Crawler  
  42  3:37  Drone x2  
  42  3:41  Drone  
  45  3:42  Drone  
  45  3:45  Drone x2  
  48  3:49  Drone x2  
  48  3:50  Drone  
  48  3:51  Drone  
  52  4:02  Roach Warren  
  51  4:04  Overlord  
  51  4:05  Zergling x2  
  51  4:06  Zergling x4  
  51  4:07  Zergling x2  
  51  4:09  Spore Crawler  
  54  4:14  Zergling x2  
  54  4:15  Zergling x6  
  58  4:18  Overlord  
  58  4:23  Zergling x2, Spine Crawler  
  58  4:24  Zergling x2  
  58  4:29  Queen  
  61  4:32  Zergling x4  
  61  4:35  Overlord  
  61  4:37  Zergling x2  
  61  4:38  Zergling x4  
  65  4:40  Zergling x2  
  65  4:45  Roach x2  
  71  4:49  Roach x2  
  75  4:55  Roach x3  
  80  5:00  Roach x2  
  80  5:03  Overlord  
  80  5:06  Roach  
  86  5:12  Extractor  
  86  5:13  Drone x3  
  86  5:14  Overlord  
  88  5:17  Overlord  
  88  5:25  Roach x4  
  96  5:34  Drone  
  96  5:35  Drone  
  98  5:38  Lair  
  98  5:43  Drone x5  
  102  5:51  Roach x2  
  94  6:06  Drone x7  
  91  6:12  Drone x4  
  91  6:13  Drone x2  
  91  6:16  Drone x2  
  99  6:22  Drone  
  99  6:29  Drone x3  
  99  6:32  Spore Crawler  
  96  6:38  Drone  
  96  6:39  Drone x3  
  97  6:40  Drone  
  91  6:48  Drone x2  
  91  6:51  Glial Reconstitution  
  92  6:54  Extractor  
  92  6:55  Drone x2, Extractor  
  92  6:56  Drone  
  93  7:04  Drone x4  
  97  7:11  Roach x3  
  103  7:18  Overseer  
  103  7:20  Overlord x2  
  103  7:24  Drone x3  
  103  7:26  Overlord  
  105  7:32  Drone  
  105  7:33  Overlord  
  105  7:35  Overlord  
  106  7:37  Evolution Chamber  
  106  7:40  Roach x3  
  111  7:46  Extractor  
  111  7:47  Overlord  
  111  7:49  Roach x4  
  118  7:51  Drone  
  118  7:52  Drone x2  
  118  7:55  Extractor  
  120  8:00  Overseer  
  120  8:02  Roach x3  
  120  8:03  Roach  
  120  8:04  Ravager x2  
  130  8:09  Overlord  
  129  8:14  Drone x4  
  129  8:16  Zerg Missile Weapons Level 1  
  132  8:24  Overlord  
  132  8:31  Roach x7  
  132  8:34  Overlord  
  146  8:39  Ravager x2  
  146  8:42  Roach  
  146  8:43  Roach  
  146  8:44  Zergling x2  
  146  8:45  Zergling x6  
  153  8:52  Overlord  
  153  8:53  Zergling x2  
  153  8:54  Zergling x6  
  140  9:04  Roach x5  
  140  9:05  Ravager x3  
  140  9:09  Roach x2  
  154  9:10  Roach  
  155  9:17  Ravager, Zergling x12  
  159  9:26  Roach  
  159  9:27  Roach x4  
  159  9:30  Ravager  
  163  9:39  Ravager, Zergling x2  
  163  9:40  Zergling x10  
  163  9:44  Ravager  
  169  9:46  Overlord  
  169  9:51  Overlord  
  168  10:00  Overlord  
  168  10:05  Hatchery, Roach x4  
  153  10:07  Drone x2  
  153  10:09  Ravager  
  153  10:10  Ravager x3  
  159  10:15  Drone x3  
  161  10:22  Zergling x12  
  161  10:27  Roach x2  
  165  10:38  Roach  
  165  10:39  Roach x3  
  168  10:46  Roach x3  
  168  10:48  Ravager x3  
  177  10:50  Ravager  
  178  11:00  Roach x6  
  189  11:07  Zergling x12  
  189  11:11  Overlord  
  191  11:14  Ravager x2  
  193  11:20  Ravager x2  
  191  11:26  Zergling x16  
  197  11:33  Zergling x4  
  199  11:44  Zergling x20  
  199  11:46  Ravager x4  
Tags
 
Add a new tag
Caveats
  • Supply blocks, unpowered buildings, or Contaminate may cause inaccurate times.
  • Supply counts are checked every 10 seconds.